 Dungeon Crawl Stone Soup version 0.17-a0-2014-g32cd421 (webtiles) character file.

30940 brucemayne the Executioner (level 13, 0/171 HPs)
             Began as a Hill Orc Berserker on Oct 9, 2015.
             Was a High Priest of Trog.
             Succumbed to a short sword of venom's poison
             ... on level 1 of the Elven Halls.
             The game lasted 00:35:18 (5612 turns).

brucemayne the Executioner (Hill Orc Berserker)     Turns: 5612, Time: 00:35:18

Health: 0/171      AC: 25    Str: 29    XL:     13   Next: 54%
Magic:  13/13      EV: 12    Int: 11    God:    Trog [*****.]
Gold:   558        SH:  0    Dex: 10    Spells: 0 memorised, 12 levels left

rFire  . . .     SeeInvis .     y - +5 war axe (elec)
rCold  . . .     Clarity  .     I - +3 chain mail {MR+}
rNeg   . . .     SustAt   .     (no shield)
rPois  .         Gourm    .     g - +1 hat
rElec  .         Spirit   .     h - +2 cloak
rCorr  .         Warding  .     F - +0 pair of gloves "Kosy" {Int+3}
rMut   .         Stasis   .     (no boots)
MR     +....                    e - amulet of regeneration
Stlth  ..........               o - +5 ring of protection
                                E - +3 ring of evasion

@: berserking, lethally poisoned (0 -> -13), drained, very quick, somewhat
resistant to hostile enchantments, extremely unstealthy
A: no striking features
a: Burn Spellbooks, Berserk, Trog's Hand, Brothers in Arms, Renounce Religion


You were on level 1 of the Elven Halls.
You worshipped Trog.
Trog was extremely pleased with you.
You were not hungry.

You visited 3 branches of the dungeon, and saw 16 of its levels.

You collected 1551 gold pieces.
You spent 993 gold pieces at shops.

Inventory:

Hand Weapons
 y - a +5 war axe of electrocution (weapon)
 z - a +0 battleaxe
 B - a +4 antimagic dagger
Missiles
 j - 11 poisoned needles
 m - 5 throwing nets (quivered)
 K - 7 needles of frenzy
Armour
 b - a +0 plate armour
 d - a +0 buckler
 g - a +1 hat (worn)
 h - a +2 cloak (worn)
 k - a +0 pair of gloves of archery
 F - the +0 pair of gloves "Kosy" (worn) {Int+3}
   (You found it on level 8 of the Dungeon)

   It affects your intelligence (+3).
 I - a +3 chain mail of magic resistance (worn)
Jewellery
 e - an amulet of regeneration (around neck)
 f - a +4 ring of strength
 o - a +5 ring of protection (right hand)
 q - an uncursed ring of poison resistance
 w - a cursed ring of teleportation
 E - a +3 ring of evasion (left hand)
Wands
 n - a wand of fire (9)
 v - a wand of digging (13)
 G - a wand of flame (24)
 M - a wand of paralysis (12)
Scrolls
 l - 3 scrolls of enchant armour
 x - a scroll of fog
 D - 6 scrolls of remove curse
Potions
 a - a potion of curing
 c - a potion of brilliance {unknown}
 p - a potion of magic {unknown}
 r - a potion of degeneration {unknown}
 s - a potion of cure mutation {unknown}
 t - 2 potions of mutation
 u - 2 potions of poison {unknown}
 A - a potion of heal wounds
 J - 2 potions of resistance {unknown}
Miscellaneous
 O - a fan of gales
Comestibles
 i - 4 meat rations


   Skills:
 - Level 10.4 Fighting
 + Level 22.4 Axes
 - Level 10.0(9.9) Armour
 - Level 1.5 Dodging


You had 12 spell levels left.
You didn't know any spells.

Dungeon Overview and Level Annotations

Branches:
Dungeon (11/15)               Orc (4/4) D:10            Elf (1/3) Orc:4
 Temple: D:4-7         Lair: D:8-11

Altars:
Gozag
Okawaru
Xom
The Shining One
Beogh

Shops:
D:5 (   Orc:2 [*[   Orc:4 !=![

Annotations:
D:8 exclusion: oklob plant
D:11 cireshan's ghost, journeyman DECj


Message History

You feel sick.
Unknown command.
You closely miss the deep elf conjurer.
The deep elf conjurer is severely wounded.
* * * LOW HITPOINT WARNING * * *
You feel sick.
The deep elf conjurer points at you and mumbles some strange words.
The bolt of cold hits you!
* * * LOW HITPOINT WARNING * * *
You slice the deep elf conjurer!!
There is a sudden explosion of sparks!
You kill the deep elf conjurer!
Trog accepts your kill.
Trog appreciates your killing of a magic user.
* * * LOW HITPOINT WARNING * * *
You feel sick.
Unknown command.
You are too berserk!
Unknown command.
There is a lethal amount of poison in your body!
You die...

# #.###.# #.# ##
#..#.# ##.# .##
##.#.# ##.##
..####..)####...#####
..'.).).))..).#.'...#
..####...####...#...#
.## ##.##
##'##...#### ## #.#
#....#...)# # #.#
#..@#)#...# ..#
#..))#...[# ###
####)..####..
#...#....# #...'.#
##'##.(.%# ..# '##...
.#.' . #. (e..# .#


There were no monsters in sight!

Vanquished Creatures
  Gastronok (Orc:1)
  An orc warlord (Orc:1)
  The ghost of PeterLawrence the Bludgeoner, a journeyman MiFi of Okawaru (Orc:4)
  A stone giant (Orc:3)
  Josephine (D:10)
  Harold (D:11)
  Erica (Orc:1)
  Erolcha (Orc:1)
  3 dancing weapons (Elf:1)
  2 ogre magi
  4 deep elf knights (Elf:1)
  2 deep trolls
  A deep elf summoner (Elf:1)
  2 hill giants (Orc:4)
  4 deep elf conjurers (Elf:1)
  The ghost of brucemayne the Cleaver, a novice HOBe of Trog (D:10)
  An orc knight (Orc:2)
  An orc sorcerer (Elf:1)
  A cyclops (Orc:4)
  A centaur skeleton (D:10)
  8 trolls
  6 two-headed ogres
  Grinder (D:6)
  Sigmund (D:6)
  3 wraiths (D:11)
  A wyvern (D:11)
  3 deep elf fighters (Elf:1)
  5 deep elf magi (Elf:1)
  5 wargs
  8 orc warriors
  A vampire mosquito (D:11)
  An ice beast (D:10)
  A wasp (D:9)
  A necrophage (D:7)
  2 phantoms
  21 ogres
  3 sky beasts
  2 centaurs
  3 giant frogs
  9 killer bees (D:9)
  7 wights
  3 crimson imps
  4 hounds
  2 centaur zombies
  An iguana (D:9)
  9 orc priests
  A giant frog zombie (D:10)
  13 orc wizards
  4 worker ants
  A worker ant zombie (D:6)
  4 gnolls
  4 adders
  A river rat (D:3)
  2 shadow imps
  An adder skeleton (D:10)
  A worm (D:2)
  2 giant geckos
  105 orcs
  5 bats
  4 giant cockroaches
  2 goblins (D:2)
  14 hobgoblins
  4 jackals
  A quokka (D:9)
  A ball python (D:3)
  4 giant newts
  4 kobolds
  6 rats
326 creatures vanquished.

Vanquished Creatures (collateral kills)
  An ogre (Orc:1)
1 creature vanquished.

Vanquished Creatures (others)
  A deep elf knight (Elf:1)
  2 deep elf fighters (Elf:1)
3 creatures vanquished.

Grand Total: 330 creatures vanquished

Notes
Turn   | Place    | Note
--------------------------------------------------------------
     0 | D:1      | brucemayne the Hill Orc Berserker began the quest for the Orb.
     0 | D:1      | Reached XP level 1. HP: 19/19 MP: 1/1
    98 | D:1      | Reached XP level 2. HP: 10/26 MP: 2/2
   152 | D:2      | Reached skill level 5 in Axes
   287 | D:2      | Acquired Trog's second power
   302 | D:2      | Reached XP level 3. HP: 15/31 MP: 3/3
   501 | D:3      | Reached skill level 6 in Axes
   526 | D:3      | Reached XP level 4. HP: 26/39 MP: 4/4
   633 | D:3      | Found an opulent altar of Gozag.
   679 | D:2      | Reached skill level 7 in Axes
   679 | D:2      | Reached XP level 5. HP: 38/45 MP: 5/5
   709 | D:2      | You fall through a shaft for 2 floors!
   722 | D:4      | Found a glowing golden altar of the Shining One.
   766 | D:5      | Entered Level 5 of the Dungeon
   811 | D:5      | Got a scorched spear
   856 | D:5      | Found Necwoule's Weapon Shoppe.
   907 | D:5      | Reached skill level 8 in Axes
  1040 | D:5      | Noticed a sky beast
  1065 | D:5      | Killed a sky beast
  1065 | D:5      | Reached skill level 9 in Axes
  1065 | D:5      | Reached XP level 6. HP: 51/51 MP: 6/6
  1112 | D:6      | Noticed Sigmund
  1127 | D:6      | Killed Sigmund
  1127 | D:6      | Reached skill level 10 in Axes
  1127 | D:6      | Reached XP level 7. HP: 57/57 MP: 7/7
  1225 | D:5      | Reached skill level 11 in Axes
  1324 | D:6      | Reached skill level 12 in Axes
  1324 | D:6      | Reached XP level 8. HP: 23/64 MP: 8/8
  1391 | D:6      | Noticed Grinder
  1414 | D:6      | Killed Grinder
  1540 | D:7      | Reached skill level 13 in Axes
  1729 | D:8      | Noticed an oklob plant
  1794 | D:8      | Found a shimmering altar of Xom.
  1840 | D:8      | Got a pair of dazzling gloves
  1841 | D:8      | Identified the +0 pair of gloves "Kosy" {Int+3} (You found it on level 8 of the Dungeon)
  2083 | D:9      | Reached XP level 9. HP: 18/72 MP: 9/9
  2097 | D:9      | Reached skill level 5 in Fighting
  2233 | D:10     | Entered Level 10 of the Dungeon
  2294 | D:10     | Reached skill level 14 in Axes
  2365 | D:9      | Found an iron altar of Okawaru.
  2460 | D:10     | Noticed brucemayne's ghost (novice HOBe)
  2479 | D:10     | Killed brucemayne's ghost
  2479 | D:10     | Reached skill level 15 in Axes
  2603 | D:11     | Noticed Harold
  2620 | D:11     | Killed Harold
  2620 | D:11     | Reached skill level 16 in Axes
  2620 | D:11     | Reached XP level 10. HP: 84/84 MP: 10/10
  2685 | D:11     | Noticed Josephine
  2718 | D:10     | Killed Josephine
  2718 | D:10     | Reached skill level 5 in Armour
  2967 | D:11     | Noticed cireshan's ghost (journeyman DECj)
  2984 | D:10     | Noticed a centaur skeleton
  2996 | D:10     | Killed a centaur skeleton
  2996 | D:10     | Reached skill level 17 in Axes
  3038 | D:10     | Noticed a centaur zombie
  3050 | D:10     | Killed a centaur zombie
  3270 | D:10     | Found a staircase to the Orcish Mines.
  3297 | Orc:1    | Entered Level 1 of the Orcish Mines
  3338 | Orc:2    | Reached XP level 11. HP: 80/94 MP: 11/11
  3400 | Orc:1    | Acquired Trog's third power
  3405 | Orc:1    | Reached skill level 18 in Axes
  3422 | Orc:1    | Noticed Gastronok
  3436 | Orc:1    | Killed Gastronok
  3477 | Orc:1    | Noticed Erolcha
  3484 | Orc:1    | Killed Erolcha
  3487 | Orc:1    | Reached skill level 19 in Axes
  3511 | Orc:1    | Noticed an orc warlord
  3573 | Orc:2    | Found Nujikum's Assorted Antiques.
  3612 | Orc:2    | Found Ziquhodgh's Antique Armour Shop.
  3630 | Orc:2    | Bought a runed cloak for 144 gold pieces
  3716 | Orc:2    | Noticed an orc knight
  3733 | Orc:2    | Killed an orc knight
  3871 | Orc:2    | Found Libeass's Antique Armour Shoppe.
  3945 | Orc:4    | Entered Level 4 of the Orcish Mines
  3945 | Orc:4    | Found Wegh's Distillery.
  3949 | Orc:4    | Noticed a stone giant
  3951 | Orc:4    | Noticed an ogre mage
  3953 | Orc:4    | Noticed a deep troll
  3953 | Orc:4    | Noticed a hill giant
  3963 | Orc:4    | Noticed a hill giant
  3964 | Orc:4    | Noticed a deep troll
  3970 | Orc:3    | Killed a stone giant
  4087 | Orc:2    | Reached skill level 20 in Axes
  4151 | Orc:3    | Killed an ogre mage
  4164 | Orc:3    | Killed a deep troll
  4164 | Orc:3    | Reached XP level 12. HP: 104/104 MP: 12/12
  4229 | Orc:4    | Killed a hill giant
  4233 | Orc:4    | Killed a hill giant
  4238 | Orc:4    | Reached skill level 10 in Fighting
  4304 | Orc:4    | Killed a deep troll
  4343 | Orc:4    | Noticed an ogre mage
  4373 | Orc:4    | Killed an ogre mage
  4386 | Orc:4    | Noticed PeterLawrence's ghost (journeyman MiFi)
  4410 | Orc:4    | Killed PeterLawrence's ghost
  4453 | Orc:4    | Found Zaant's Distillery.
  4453 | Orc:4    | Found a staircase to the Elven Halls.
  4454 | Orc:4    | Found Afedd's Antique Armour Shop.
  4491 | Orc:4    | Found Erenauso's Jewellery Shoppe.
  4499 | Orc:4    | Bought an uncursed amulet of regeneration for 360 gold pieces
  4499 | Orc:4    | Bought an uncursed ring of poison resistance for 240 gold pieces
  4500 | Orc:4    | Bought a cursed ring of teleportation for 174 gold pieces
  4510 | Orc:4    | Bought a potion of heal wounds for 75 gold pieces
  4673 | Orc:3    | Found a roughly hewn altar of Beogh.
  4780 | Orc:1    | Killed an orc warlord
  4846 | Orc:2    | Identified a scroll of acquirement
  4911 | Orc:1    | Noticed Erica
  4979 | Orc:1    | Killed Erica
  4979 | Orc:1    | Reached skill level 10 in Armour
  5184 | Orc:1    | Reached XP level 13. HP: 114/114 MP: 13/13
  5310 | Elf:1    | Entered Level 1 of the Elven Halls
  5330 | Elf:1    | Reached skill level 21 in Axes
  5495 | Elf:1    | Received a gift from Trog
  5544 | Elf:1    | Reached skill level 22 in Axes
  5610 | Elf:1    | HP: 2/171 [deep elf conjurer/bolt of cold (12)]
  5612 | Elf:1    | Succumbed to a short sword of venom's poison

Vault maps used:
D:1:      dpeg_arrival_erosion, dk_noncrumbling_3
D:2:      cheibrodos_gnoll_hut, uniq_crazy_yiuf_cottage
D:3:      wad_woods_settlement, nicolae_overflow_crystal_walls, first_bread
D:4:      kennysheep_mini, tso_oasis_becter, minmay_temple_entry_nine_rooms,
          serial_shops, shop, hangedman_decor_lopped, uniq_pikel
D:5:      serial_shops, nicolae_shop_stone, nicolae_shop_waterfront,
          kennysheep_mini_moat, shop
D:6:      basic_altar, uniq_grinder, uniq_sigmund
D:7:      nicolae_overflow_hidden_temple, grunt_livestock, lightli_orcish_oven,
          uniq_menkaure
D:8:      lair_0_dummy, lemuel_oklob_altar
D:9:      lemuel_crystal_altar, uniq_joseph
D:10:     hiddenorc1_lemuel, serial_shops, shop, lightli_wizard_tower
D:11:     uniq_fannar, uniq_josephine, uniq_urug, uniq_harold
Orc:1:    uniq_erolcha, uniq_gastronok, uniq_erica
Orc:2:    cheibrodos_orc_bank, serial_shops, shop, shop, shop_statue,
          trog_hazing_becter
Orc:3:    basic_altar, nicolae_orc_pool_cavern, uniq_sonja
Orc:4:    st_orc_open
Elf:1:    eino_elf_arrival_customs, serial_shops, shop,
          hangedman_elven_crosses_minicolossus, st_stairs_8, nicolae_elf_v_pinch

Action                   |  1- 3 |  4- 6 |  7- 9 | 10-12 | 13-15 || total
-------------------------+-------+-------+-------+-------+-------++-------
Melee: Hand axe          |    96 |    67 |   131 |       |       ||   294
       War axe           |       |       |   181 |   178 |    83 ||   442
       Battleaxe         |       |       |       |   326 |     9 ||   335
Invok: Berserk           |     1 |     5 |     6 |    15 |     1 ||    28
       Trog's Hand       |       |     1 |    12 |    11 |     4 ||    28
       Brothers in Arms  |       |       |       |     1 |       ||     1
Evoke: Wand              |       |       |       |     1 |       ||     1
  Use: Scroll            |     2 |     2 |     2 |     6 |     1 ||    13
       Potion            |       |       |     3 |     2 |       ||     5
  Eat: Bread ration      |       |     1 |     1 |       |       ||     2
       Chunk             |       |     1 |     4 |    24 |       ||    29
       Meat ration       |       |       |     1 |     1 |     1 ||     3
